 Dungeon Crawl Stone Soup version 0.28-a0-1412-gf95308ed99 (webtiles) character file.

Game seed: 14565137117621632127

431 HallandMoats the Shield-Bearer (level 6, -3/52 HPs)
             Began as a Ghoul Fighter on Jan 6, 2022.
             Was a Believer of Vehumet.
             Shot with a stone by a goblin (4 damage)
             ... on level 5 of the Dungeon.
             The game lasted 00:03:13 (4140 turns).

HallandMoats the Shield-Bearer (Ghoul Fighter)      Turns: 4140, Time: 00:03:14

Health: -3/52      AC:  7    Str: 20    XL:     6   Next: 99%
Magic:  5/5        EV:  9    Int:  3    God:    Vehumet [**....]
Gold:   170        SH:  4    Dex: 10    Spells: 5/5 levels left

rFire   + . .      SeeInvis .   a - +0 long sword
rCold   + + .      Faith    .   c - +0 buckler
rNeg    + + +      Spirit   .   b - +0 scale mail
rPois   ∞          Reflect  .   f - +1 hat
rElec   .          Harm     .   m - scarf {rC+ rF+}
rCorr   .          Rampage  .   (no gloves)
Will    .....                   (no boots)
Stlth   ..........              (no amulet)
HPRegen 0.00/turn               (no ring)
MPRegen 0.09/turn               (no ring)

@: inhibited regen
A: claws 1, cold resistance 1, negative energy resistance 3, inhibited
regeneration, torment resistance 2
a: Renounce Religion


You were on level 5 of the Dungeon.
You worshipped Vehumet.
Vehumet was pleased with you.
You visited 1 branch of the dungeon, and saw 5 of its levels.

You collected 170 gold pieces.

Inventory:

Hand Weapons
 a - a +0 long sword (weapon)
Armour
 b - a +0 scale mail (worn)
 c - a +0 buckler (worn)
 e - a +2 cloak
 f - a +1 hat (worn)
 m - a scarf of resistance (worn)
 w - a +2 kite shield
Wands
 p - a wand of flame (23)
Scrolls
 h - 3 scrolls of identify {unknown}
 i - a scroll of enchant weapon {unknown}
 j - a scroll of immolation {unknown}
 k - a scroll of noise {unknown}
 l - a scroll of torment {unknown}
 s - 2 scrolls of teleportation {unknown}
 u - a scroll of amnesia {unknown}
Potions
 d - a potion of might
 g - a potion of attraction {unknown}
 n - 2 potions of heal wounds {unknown}
 o - a potion of brilliance {unknown}
 q - a potion of magic {unknown}
 r - a potion of lignification {unknown}
 t - a potion of degeneration {unknown}


   Skills:
 + Level 4.3 Fighting
 * Level 3.8 Long Blades
 + Level 3.5 Armour
 + Level 1.9 Dodging
 * Level 4.3 Shields


You had 5 spell levels left.
You didn't know any spells.
Your spell library contained the following spells:

 Spells                   Type           Power      Damage    Failure   Level
 Foxfire                  Conj/Fire      0%         2x1d4     92%         1
 Sting                    Tmut/Pois      0%         1d3       92%         1
 Passwall                 Tmut/Erth      0%         N/A       98%         2
 Poisonous Vapours        Pois/Air       0%         N/A       98%         2
 Swiftness                Air            0%         N/A       100%        3
 Olgreb's Toxic Radiance  Pois           0%         N/A       100%        4


Dungeon Overview and Level Annotations

Branches:
Dungeon (5/15)             Temple (0/1) D:4

Altars:
Vehumet


Innate Abilities, Weirdness & Mutations

You thrive by killing the living.
You are immune to poison.
You have sharp fingernails.
Your flesh is cold resistant. (rC+)
You are immune to negative energy. (rN+++)
You do not regenerate when monsters are visible.
You are immune to unholy pain and torment.


Message History

The orc shouts to no one in particular.
There is a stone staircase leading down here.
The orc warrior hits you from afar with a +0 trident!
* * * LOW HITPOINT WARNING * * *
You climb downwards.
Reactivating autopickup.
Found a shiny kite shield.
There is a stone staircase leading up here.
You start resting.
A hound comes into view.
The hound barks!
A goblin comes into view. It is wielding a +0 hunting sling.
The goblin shouts!
A hound comes into view.
The goblin shoots a stone.
You block the stone.
A goblin comes into view. It is wielding a +0 hunting sling.
The goblin shoots a stone.
The stone hits you but does no damage.
You see here a +2 kite shield.
w - a +2 kite shield The hound bites you.
* * * LOW HITPOINT WARNING * * *
You hit the hound.
The hound is lightly wounded.
You block the hound's attack. The hound bites you.
* * * LOW HITPOINT WARNING * * *
You feel better.
The hound bites you but does no damage. x2
The hound barely misses you. x2; The goblin shoots a stone.
The stone hits you but does no damage. The hound closely misses you.
The hound bites you but does no damage. The hound bites you.
* * * LOW HITPOINT WARNING * * *
The hound barely misses you. The hound closely misses you.
The goblin shoots a stone.
The stone hits you but does no damage. You block the hound's attack.
The goblin shoots a stone.
The stone barely misses you.
The goblin shoots a stone.
The stone hits you but does no damage. The hound bites you.
* * * LOW HITPOINT WARNING * * *
The goblin shoots a stone.
The stone hits you.
You die...

# ##.. ###...#
.#######.......
...............
####@....... .#
#..h........ ...
#..h.....####...
#.....##.###....
#...g.........#.
#...............
#.###.g.....#
.........<...#
.....##..#######


You could see 2 hounds and 2 goblins.

Vanquished Creatures
  Eustachio (D:4)
  Menkaure (D:4)
  Crazy Yiuf (D:2)
  Jessica (D:2)
  5 adders
  4 worms
  2 dart slugs
  2 orcs
  4 ball pythons
  7 endoplasms
  2 giant cockroaches
  5 goblins
  11 hobgoblins
  6 jackals
  A quokka (D:2)
  5 bats
  A frilled lizard (D:3)
  8 kobolds
  3 rats
70 creatures vanquished.

Notes
Turn   | Place    | Note
-------+----------+-------------------------------------------
     0 | D:1      | HallandMoats the Ghoul Fighter began the quest for the Orb.
     0 | D:1      | Reached XP level 1. HP: 19/19 MP: 0/0
    55 | D:1      | Reached XP level 2. HP: 26/26 MP: 1/1
   742 | D:1      | Reached XP level 3. HP: 31/31 MP: 2/2
  1419 | D:2      | Reached XP level 4. HP: 15/39 MP: 3/3
  1854 | D:2      | Found a faded altar of an unknown god.
  2004 | D:2      | Noticed Jessica
  2008 | D:2      | Killed Jessica
  2009 | D:2      | Reached skill level 1 in Dodging
  2291 | D:2      | Found a runed translucent door.
  2292 | D:2      | Noticed Crazy Yiuf
  2402 | D:2      | Prayed at the altar of an unknown god.
  2402 | D:2      | Became a worshipper of Vehumet
  2402 | D:2      | Reached * piety under Vehumet
  2402 | D:2      | Offered knowledge of Sandblast by Vehumet.
  2476 | D:2      | Killed Crazy Yiuf
  2477 | D:2      | Reached XP level 5. HP: 45/46 MP: 4/4
  3375 | D:4      | Offered knowledge of Foxfire by Vehumet.
  3438 | D:4      | Noticed Eustachio
  3476 | D:4      | Killed Eustachio
  3477 | D:4      | Reached XP level 6. HP: 8/52 MP: 5/5
  3802 | D:4      | Found a staircase to the Ecumenical Temple.
  3951 | D:4      | Reached ** piety under Vehumet
  3951 | D:4      | Noticed Menkaure
  3959 | D:4      | Killed Menkaure
  4064 | D:4      | Noticed an orc warrior
  4102 | D:5      | Entered Level 5 of the Dungeon
  4140 | D:5      | HP: 1/52 [hound (4)]
  4140 | D:5      | Shot with a stone by a goblin

Illustrated notes

Levels and vault maps discovered:
D:1:      dpeg_arrival_ternary, layout_basic, hangedman_decor_push
D:2:      cheibrodos_helix_gallery, layout_basic,
          shapermc_ecumenical_altar_mp_urbaneastern, uniq_crazy_yiuf_cottage,
          uniq_jessica
D:3:      layout_basic
D:4:      layout_loops_ring, temple_green, uniq_eustachio, uniq_menkaure
D:5:      minmay_goblin_kobold_castle, layout_rooms, kennysheep_generic_room_16,
          uniq_grinder

Skill      XL: |  1  2  3  4  5 |
---------------+----------------+-----
Long Blades    | 2 3 |  3.8
Shields        | 3 4 |  4.3
Armour         | 3 |  3.5
Dodging        | 1 |  1.9
Fighting       | 4 |  4.3

Action                   |  1- 3 |  4- 6 || total
-------------------------+-------+-------++-------
Melee: Long sword        |   105 |   158 ||   263
  Use: Potion            |       |     2 ||     2
Armor: Scale mail        |    59 |    69 ||   128
Dodge: Dodged            |    70 |    73 ||   143
Block: Buckler           |    21 |    30 ||    51

Table legend: (Time is in decaauts)
 A = Elapsed time spent in this place.
 B = Non-inter-level travel time spent in this place.
 C = Inter-level travel time spent in this place.
 D = Time resting spent in this place.
 E = Time spent auto-exploring this place.
 F = Levels seen in this place.
 G = Mean time per level.
                   A        B        C        D        E       F      G
               +--------+--------+--------+--------+--------+-----+--------+
         Total |   4219 |   4076 |    143 |    461 |   2918 |   5 |  843.8 |
       Dungeon |   4219 |   4076 |    143 |    461 |   2918 |   5 |  843.8 |
               +--------+--------+--------+--------+--------+-----+--------+

Top non-repeatable levels by time:
     D:2: 1373 daAuts
     D:1: 1197 daAuts
     D:3: 849 daAuts
     D:4: 761 daAuts
     D:5: 38 daAuts
